AoeStats
← Fluvialgeomorphologist

QS Arena

503321701Analyzed
4v4 RM · 1mo ago on Aug 31, 2026· 26m 56s· 8 players
Game mode
Random Map
Map size
Large (8 player)
Population
200
Speed
Normal
Resources
Standard
Victory
Conquest
Starting age
Dark Age
Ending age
Imperial Age
RankedLock teamsTeams togetherTeam positionsShared explorationLock speedFull tech treeHidden civsTurbo modeCheats
Victory
Defeat
🇹🇷 Spanish · Türkiye
1045
+13
🇹🇷 Bohemians · Türkiye
973
+27
🇦🇺 Italians · Australia
961
+17
🇨🇳 Burgundians · China
949
+17
🇲🇽 Khmer · Mexico
1001
-17
🇲🇽 Goths · Mexico
979
-16
🇲🇽 Hindustanis · Mexico
965
-15
🇺🇸 Malians · United States
944
-14
LeGerKy (Calabacin)
0:36 Loom
10:05 Feudal Age
10:42 Horse Collar
10:48 Double-Bit Axe
15:54 Castle Age
14:04 Gold Mining
14:06 Stone Mining
14:37 Scale Mail Armor
14:48 Forging
16:23 Fletching
21:12 Fervor
24:37 Wheelbarrow
23:48 Town Watch
24:39 Bow Saw
24:29 Heavy Plow
29:06 Imperial Age
Fluvialgeomorphologist
8:55 Feudal Age
7:10 Loom
9:54 Horse Collar
10:03 Double-Bit Axe
13:16 Castle Age
14:14 Bow Saw
14:27 Heavy Plow
17:21 Wheelbarrow
18:36 Stone Mining
26:54 Imperial Age
25:55 Bloodlines
25:47 Husbandry
Magomi
0:52 Loom
8:40 Feudal Age
15:57 Castle Age
14:05 Stone Mining
17:32 Wheelbarrow
16:43 Double-Bit Axe
16:40 Horse Collar
24:56 Stone Shaft Mining
Ahtkel
7:28 Loom
9:49 Feudal Age
14:09 Castle Age
12:23 Double-Bit Axe
TK Sandman
7:47 Feudal Age
11:48 Castle Age
10:38 Double-Bit Axe
15:18 Bow Saw
15:38 Horse Collar
16:59 Heavy Plow
19:49 Fervor
20:22 Town Watch
21:14 Wheelbarrow
20:25 Loom
20:42 Gold Mining
25:37 Imperial Age
23:27 Hand Cart
23:45 Stone Mining
25:36 Stone Shaft Mining
26:06 Town Patrol
26:33 Ballistics
26:24 Padded Archer Armor
27:36 Two-Man Saw
27:20 Leather Archer Armor
Camagar
8:49 Feudal Age
14:08 Castle Age
12:39 Double-Bit Axe
12:46 Horse Collar
18:25 Chemistry
Aquillo
8:33 Feudal Age
12:33 Castle Age
11:13 Loom
12:00 Stone Mining
13:34 Double-Bit Axe
13:32 Horse Collar
22:45 Imperial Age
20:37 Fletching
20:53 Gold Mining
21:45 Bodkin Arrow
22:01 Town Watch
24:17 Thumb Ring
23:37 Crossbowman
26:03 Arbalester
26:49 Heavy Plow
26:51 Padded Archer Armor
28:01 Stone Shaft Mining
Tzeus
8:05 Feudal Age
9:19 Loom
10:33 Horse Collar
10:39 Double-Bit Axe
16:23 Castle Age
14:55 Heavy Plow
15:40 Bow Saw
18:02 Crop Rotation
17:44 Gold Mining
18:34 Wheelbarrow
20:54 Two-Man Saw
20:52 Husbandry
21:30 Cavalier
24:49 Stone Mining
Connection lost

Rejoining the realm…

Still unreachable

The connection could not be restored.

Session expired

The server has moved on; the page needs a fresh start.